 Dungeon Crawl Stone Soup version 0.30.1 (webtiles) character file.

Game seed: 6579651381297990237

4752 McKennaii the Destroyer (level 10, -13/69 HPs)
             Began as a Demigod Conjurer on July 1, 2023.
             Killed by an exploding killer bee (27 damage)
             ... ignited by their inner flame
             ... on level 9 of the Dungeon.
             The game lasted 00:10:40 (11482 turns).

McKennaii the Destroyer (Demigod Conjurer)         Turns: 11482, Time: 00:10:41

Health: -13/69     AC:  5    Str:  8    XL:     10   Next: 3%
Magic:  0/27       EV: 12    Int: 38    God:
Gold:   190        SH:  0    Dex: 15    Spells: 17/27 levels left

rFire   . . .        z - +0 mace of the Vestibule of Hell {venom, rC+ Dex+3}
rCold   + . .        (no shield)
rNeg    . . .        M - +1 robe {Will+}
rPois   .            (no helmet)
rElec   .            J - scarf {repulsion}
rCorr   +            s - +0 pair of gloves
SInv    .            o - +0 pair of boots
Will    ++...        (no amulet)
Stlth   ++           F - +6 ring of intelligence
HPRegen 0.31/turn    B - ring of resist corrosion
MPRegen 0.20/turn

%: repel missiles
@: no status effects
A: high MP 1, forlorn, divine attributes
a: no special abilities


You were on level 9 of the Dungeon.
You visited 1 branch of the dungeon, and saw 9 of its levels.
You also visited: Ossuary.

You collected 407 gold pieces.
You spent 217 gold pieces at shops.

Inventory:

Hand Weapons
 z - the +0 mace of the Vestibule of Hell (weapon) {venom, rC+ Dex+3}
   (You found it on level 4 of the Dungeon)

   Dex:       It affects your dexterity (+3).
   rC:        It protects you from cold.
Armour
 o - a +0 pair of boots (worn)
 s - a +0 pair of gloves (worn)
 J - a scarf of repulsion (worn)
 M - a +1 robe of willpower (worn)
Jewellery
 n - a ring of positive energy
 B - a ring of resist corrosion (right hand)
 C - a ring of flight
 F - a +6 ring of intelligence (left hand)
Wands
 a - a wand of mindburst (13)
 u - a wand of polymorph (5)
 D - a wand of roots (22)
 K - a wand of flame (9)
Scrolls
 c - 2 scrolls of teleportation {unknown}
 e - 3 scrolls of identify
 g - 3 scrolls of magic mapping
 h - 2 scrolls of blinking {unknown}
 i - 2 scrolls of enchant weapon {unknown}
 k - 2 scrolls of immolation
 p - 2 scrolls of amnesia {unknown}
 q - a scroll of enchant armour {unknown}
 v - 3 scrolls of vulnerability {unknown}
 w - 3 scrolls of fog {unknown}
 x - a scroll of brand weapon {unknown}
 y - a scroll of butterflies {unknown}
 E - 3 scrolls of noise {unknown}
 G - 2 scrolls of fear {unknown}
 N - a scroll of silence {unknown}
Potions
 b - 3 potions of magic
 d - 2 potions of haste {unknown}
 f - 4 potions of lignification {unknown}
 j - a potion of curing
 l - a potion of mutation {unknown}
 m - a potion of degeneration {unknown}
 r - 5 potions of flight {unknown}
 t - a potion of cancellation {unknown}
 A - a potion of berserk rage {unknown}
 H - a potion of resistance {unknown}
 I - a potion of heal wounds {unknown}
 L - a potion of might {unknown}


   Skills:
 - Level 1.7 Dodging
 - Level 1.7 Stealth
 + Level 9.2 Spellcasting
 + Level 10.5 Conjurations


You had 17 spell levels left.
You knew the following spells:

 Your Spells              Type           Power      Damage    Failure   Level
a - Magic Dart            Conj           100%       1d8       1%          1
b - Searing Ray           Conj           100%       2d8       1%          2
c - Iskenderun's Mystic   Conj/Tloc      55%        2d12      2%          4
d - Stone Arrow           Conj/Erth      100%       3d13      1%          3

Your spell library contained the following spells:

 Spells                   Type           Power      Damage    Failure   Level
 Dazzling Flash           Conj/Hex       100%       N/A       1%          3
 Fulminant Prism          Conj/Hex       27%        3d13      2%          4
 Ensorcelled Hibernation  Hex/Ice        34%        N/A       3%          2
 Passwall                 Tmut/Erth      14%        N/A       3%          2
 Frozen Ramparts          Ice            34%        1d6       7%          3
 Swiftness                Air            17%        N/A       7%          3
 Animate Armour           Summ/Erth      34%        N/A       22%         4
 Ice Form                 Ice/Tmut       17%        N/A       22%         4
 Summon Ice Beast         Ice/Summ       17%        N/A       22%         4
 Lehudib's Crystal Spear  Conj/Erth      27%        10d7      100%        8


Dungeon Overview and Level Annotations

Branches:
Dungeon (9/15)             Temple (0/1) D:7         Ossuary (visited)
   Lair: D:8-11         Orc: D:9-12

Shops:
D:7 [


Innate Abilities, Weirdness & Mutations

You have an increased reservoir of magic. (+10% MP)
You shall have no god before yourself.
Your divine heritage dramatically boosts your attributes as you level up.


Message History

It was a scroll of immolation.
The killer bee stings you but does no damage.
The killer bee stings you.
* * * LOW HITPOINT WARNING * * *
The killer bee closely misses you. x2
The killer bee stings you but does no damage.
The gnoll sergeant barely misses you. The killer bee misses you.
Unknown command.
Unknown command.
Unknown command.
You feel better.
The killer bee stings you but does no damage.
The killer bee stings you. The killer bee closely misses you.
The killer bee barely misses you. The killer bee stings you!
* * * LOW HITPOINT WARNING * * *
A gnoll comes into view. It is wielding a +0 spear.
The gnoll sergeant hits you from afar with a +0 spear.
* * * LOW HITPOINT WARNING * * *
The killer bee completely misses you.
Unknown command.
Unknown command.
Casting: Iskenderun's Mystic Blast (dangerous; 2% risk of failure)
Confirm with . or Enter, or press ? or * to list all spells.
You erupt in a blast of force!
The mystic blast hits the gnoll sergeant.
Flame seeps out of the gnoll sergeant.
The gnoll sergeant is moderately wounded.
The gnoll sergeant is knocked back by the mystic blast.
The gnoll sergeant slams into the rock wall!
Flame seeps out of the gnoll sergeant.
The gnoll sergeant is moderately wounded.
The mystic blast hits the gnoll!!
The mystic blast hits the gnoll! x2
The mystic blast hits the killer bee!
Flame seeps out of the killer bee.
The killer bee is severely wounded.
The killer bee is knocked back by the mystic blast.
The killer bee slams into the rock wall!
The mystic blast hits the killer bee! x2
The killer bee explodes!
The fiery explosion engulfs you!!
You die...

#..........#..#.#..
#.g.....##.##......
##..###.#...#......
###..............≈..
###g.......##(###..≈..
#.†.......(##...#..≈..
#...○§§.#..#....#..≈..
##..○§§)##....#.......
###.@§.......#.......
#...##......>....#.
#.....#..........#.
#.....#.#....[.....
##....###..........
#...## ####.....##
##### #.###.# ### ###


You could see a gnoll sergeant (inner flame) and a gnoll.

Vanquished Creatures
  A cyclops (D:9)
  Joseph (D:7)
  Psyche (D:8)
  Prince Ribbit (D:7)
  Sigmund (D:2)
  A wyvern (D:9)
  A water moccasin (D:7)
  3 ice beasts
  2 orc warriors (D:8)
  A sky beast (D:7)
  An ogre (D:5)
  A centaur (D:7)
  2 elf zombies (Ossuary)
  2 bullfrogs
  An elf skeleton (D:6)
  3 scorpions
  21 killer bees
  2 centaur zombies (Ossuary)
  5 orc priests (D:8)
  2 human zombies (Ossuary)
  A gnoll bouda (D:4)
  2 sleepcaps
  Crazy Yiuf (D:2)
  An iguana (D:7)
  Jessica (D:2)
  4 human skeletons (D:6)
  14 orc wizards
  Ijyb (D:3)
  2 mummies (Ossuary)
  12 gnolls
  9 adders
  A shadow imp (D:7)
  2 ufetubi
  2 adder zombies (Ossuary)
  A worm (D:3)
  4 dart slugs
  50 orcs
  10 endoplasms
  2 giant cockroaches (D:1)
  6 goblins
  3 hobgoblins
  3 jackals (D:2)
  4 kobolds
  5 quokkas
  8 ball pythons
  3 bats
  3 frilled lizards
  12 hobgoblin zombies (Ossuary)
  5 kobold zombies (Ossuary)
  An orc skeleton (D:6)
  9 orc zombies (Ossuary)
  6 rats
  3 rat zombies (Ossuary)
244 creatures vanquished.

Notes
Turn   | Place    | Note
-------+----------+-------------------------------------------
     0 | D:1      | McKennaii the Demigod Conjurer began the quest for the Orb.
     0 | D:1      | Reached XP level 1. HP: 14/14 MP: 5/5
   409 | D:1      | Reached XP level 2. HP: 20/20 MP: 5/7
   412 | D:1      | Learned a level 2 spell: Searing Ray
   585 | D:1      | Reached skill level 4 in Conjurations
  1235 | D:1      | Reached XP level 3. HP: 26/26 MP: 6/9
  1802 | D:2      | Noticed Sigmund
  1809 | D:2      | Killed Sigmund
  1810 | D:2      | Reached skill level 5 in Conjurations
  1810 | D:2      | Reached XP level 4. HP: 24/33 MP: 2/12
  1810 | D:2      | Reached XP level 5. HP: 28/38 MP: 2/13
  1907 | D:2      | Noticed Jessica
  1911 | D:2      | Killed Jessica
  2092 | D:2      | Found a runed translucent door.
  2093 | D:2      | Noticed Crazy Yiuf
  2101 | D:2      | Learned a level 4 spell: Iskenderun's Mystic Blast
  2171 | D:3      | Noticed Ijyb
  2181 | D:3      | Killed Ijyb
  2417 | D:3      | Reached XP level 6. HP: 45/45 MP: 7/15
  3376 | D:4      | Identified the +0 mace of the Vestibule of Hell {venom, rC+
                  | Dex+3}
  3606 | D:4      | Reached skill level 6 in Conjurations
  4021 | D:5      | Entered Level 5 of the Dungeon
  4116 | D:2      | Killed Crazy Yiuf
  4230 | D:5      | Reached XP level 7. HP: 50/50 MP: 4/17
  4372 | D:5      | Reached skill level 5 in Spellcasting
  5612 | D:6      | Found a sand-covered staircase.
  5619 | D:6      | Reached skill level 7 in Conjurations
  5651 | Ossuary  | Entered an ossuary
  6496 | Ossuary  | Reached XP level 8. HP: 50/57 MP: 0/20
  7645 | D:7      | Noticed Joseph
  7770 | D:7      | Learned a level 3 spell: Stone Arrow
  7820 | D:7      | Found a staircase to the Ecumenical Temple.
  7832 | D:7      | Reached skill level 8 in Conjurations
  7890 | D:7      | Found Rahaufes's Antique Armour Boutique.
  7903 | D:7      | Bought a bloodstained leather armour for 217 gold pieces
  7903 | D:7      | Identified the +0 leather armour of the Engineer {Will+}
                  | (You bought it in a shop on level 7 of the Dungeon)
  8038 | D:7      | Noticed Prince Ribbit
  8045 | D:7      | Killed Prince Ribbit
  8124 | D:7      | Killed Joseph
  8500 | D:7      | Reached XP level 9. HP: 62/62 MP: 14/24
  8624 | D:7      | Reached skill level 9 in Conjurations
 10259 | D:8      | Noticed Psyche
 10262 | D:8      | Killed Psyche
 10263 | D:8      | Reached skill level 10 in Conjurations
 11454 | D:9      | Noticed a cyclops
 11459 | D:9      | Killed a cyclops
 11460 | D:9      | Reached XP level 10. HP: 69/69 MP: 17/27
 11482 | D:9      | Killed by an exploding killer bee... ignited by their inner
                  | flame

Illustrated notes

Levels and vault maps discovered:
D:1:      minmay_arrival_arboretum_small, layout_loops_corners
D:2:      layout_rooms, eino_curves_04, uniq_sigmund, uniq_jessica,
          uniq_crazy_yiuf_cottage
D:3:      layout_basic, ashenzari_conservatory_becter, uniq_ijyb
D:4:      layout_loops_cross, nicolae_overflow_crystal_walls,
          mainiacjoe_overflow_cross_hatched, amcnicky_mini_pool_small
D:5:      layout_basic, nicolae_overflow_hidden_temple, kennysheep_mini,
          kennysheep_nub, grunt_ministairs_15, chequers_serial_rivers_large_a
D:6:      layout_basic, good_gods_temple_1, pdpol_wu_jian_five_deadly_venoms,
          kiku_gazebo_garden_becter, nicolae_ossuary_entry_catacombs
D:7:      layout_basic, nicolae_sif_muna_little_library,
          nicolae_uskayaw_murder_on_the_dancefloor, temple_fountains,
          serial_shops, shop, amcnicky_mini_rare_corridor_liquid,
          uniq_prince_ribbit1, uniq_joseph
D:8:      layout_layer_cave, uniq_psyche
D:9:      layout_cave_pools, mainiacjoe_overflow_catwalk,
          mainiacjoe_overflow_boulevard, serial_glass, glass_columns_c,
          glass_columns_b

Skill      XL: |  1  2  3  4  5  6  7  8  9 |
---------------+----------------------------+-----
Spellcasting   | 2 3 4 6 7 9 |  9.2
Conjurations   | 4 5 6 7 8 10 | 10.5
Dodging        | |  1.7
Stealth        | |  1.7

Action                     |  1- 3 |  4- 6 |  7- 9 | 10-12 || total
---------------------------+-------+-------+-------+-------++-------
  Melee: Unarmed           |     6 |     3 |       |       ||     9
         Whip              |       |     1 |       |       ||     1
         Mace              |       |       |    12 |       ||    12
   Cast: Magic Dart        |    72 |    70 |    80 |       ||   222
         Searing Ray       |     2 |    13 |    46 |       ||    61
         Stone Arrow       |       |       |    88 |     2 ||    90
         Iskenderun's Myst |       |       |    10 |     4 ||    14
    Use: Potion            |       |       |       |     3 ||     3
         Scroll            |       |       |       |     2 ||     2
 Armour: Robe              |     2 |     2 |    22 |     9 ||    35
         Leather armour    |       |       |     7 |       ||     7
  Dodge: Dodged            |    10 |     7 |    75 |    24 ||   116
